 Dungeon Crawl Stone Soup version 0.21.0 (webtiles) character file.

48 AgrsvlyMoist the Conjurer (level 3, -7/26 HPs)
             Began as a Draconian Conjurer on July 23, 2018.
             Mangled by a gnoll
             ... wielding a +0 whip
              (11 damage)
             ... on level 2 of the Dungeon.
             The game lasted 00:06:52 (1941 turns).

AgrsvlyMoist the Conjurer (Draconian Conjurer)      Turns: 1941, Time: 00:06:52

Health: -7/26      AC:  5    Str: 10    XL:     3   Next: 50%
Magic:  5/6        EV: 12    Int: 16    God:
Gold:   149        SH:  0    Dex: 11    Spells: 5/6 levels left

rFire    . . .     SeeInvis .   f - +0 dagger
rCold    . . .     Gourm    .   (no shield)
rNeg     . . .     Faith    .   (armour unavailable)
rPois    .         Spirit   .   (helmet restricted)
rElec    .         Reflect  .   (no cloak)
rCorr    .         Harm     .   (no gloves)
MR       .....                  (no boots)
Stlth    ++........             (no amulet)
HPRegen  0.08/turn              (no ring)
MPRegen  0.10/turn              (no ring)

@: no status effects
A: unfitting armour, cold-blooded, AC +5
a: no special abilities


You were on level 2 of the Dungeon.
You were hungry.

You visited 1 branch of the dungeon, and saw 2 of its levels.

You collected 149 gold pieces.

Inventory:

Hand Weapons
 f - a +0 dagger (weapon)
Scrolls
 c - 4 scrolls of remove curse {unknown}
 d - a scroll of teleportation {unknown}
 e - a scroll of enchant weapon {unknown}
 i - a scroll of immolation {unknown}
 j - a scroll of enchant armour {unknown}
 m - a scroll of amnesia {unknown}
Potions
 g - a potion of lignification {unknown}
 h - a potion of heal wounds {unknown}
 k - a potion of agility
 l - a potion of might {unknown}
 n - a potion of haste {unknown}
Books
 a - a book of Conjurations

   Spells                             Type                      Level
   a - Magic Dart                     Conjuration                  1
   b - Searing Ray                    Conjuration                  2
   c - Dazzling Spray                 Conjuration/Hexes            3
   d - Fulminant Prism                Conjuration/Hexes            4
   e - Force Lance                    Conjuration/Translocation    4
   f - Iskenderun's Mystic Blast      Conjuration                  4
Comestibles
 b - 3 rations


   Skills:
 - Level 2.0 Dodging
 - Level 1.8 Stealth
 + Level 2.3 Spellcasting
 * Level 5.0 Conjurations


You had 5 spell levels left.
You knew the following spells:

 Your Spells              Type           Power        Failure   Level  Hunger
a - Magic Dart            Conj           ###.         2%          1    #......


Dungeon Overview and Level Annotations

Branches:
Dungeon (2/15)

Altars:


Innate Abilities, Weirdness & Mutations

Your plain brown scales are hard. (AC +5)
You cannot fit into any form of body armour.
You are cold-blooded and may be slowed by cold attacks.


Message History

You are feeling hungry.
The gnoll misses you.
Casting: Magic Dart
Confirm with . or Enter, or press ? or * to list all spells.
Aiming: Magic Dart
Press: ? - help, Shift-Dir - straight line, f/p - gnoll
Aim: a gnoll, wielding a flail (severely wounded)
The magic dart hits the gnoll.
The gnoll is heavily wounded.
The gnoll hits you from afar with a spear.
* * * LOW HITPOINT WARNING * * *
The gnoll hits you with a whip.
* * * LOW HITPOINT WARNING * * *
You see here a club.
There is a stone staircase leading up, spattered with blood here.
You see here 2 stones.
You see here a stone.
You see here a stone.
The gnoll hits you with a whip!
You die...

###..........### ##...........#
#......gg#### ####........#
............#### .##............#
.8#######..##### .##
##.#################### .#
#......@..).>........# .##
########g.....#.#..##### .8#
#.g..##.#.#.g..... .#### #
#######.#..##.........#.
.##8###8##PPPPP...g.####.###.g...
.)........P.........# #...###...
..........P...P..g### ###.....g.
..........P...P....## #####...
.##8###8#.PPPPP.....############.


You could see 3 gnolls.

Vanquished Creatures
  Robin (D:1)
  A worm (D:2)
  A leopard gecko (D:1)
  2 bats (D:1)
  A giant cockroach (D:1)
  12 goblins
  5 hobgoblins
  3 kobolds
  3 rats (D:2)
  A fungus (D:2)
30 creatures vanquished.

Notes
Turn   | Place    | Note
-------+----------+-------------------------------------------
     0 | D:1      | AgrsvlyMoist the Draconian Conjurer began the quest for the Orb.
     0 | D:1      | Reached XP level 1. HP: 14/14 MP: 3/3
   426 | D:1      | Reached XP level 2. HP: 20/20 MP: 1/5
   690 | D:2      | Noticed Robin
  1199 | D:1      | Killed Robin
  1199 | D:1      | Reached XP level 3. HP: 12/26 MP: 0/6
  1744 | D:2      | Reached skill level 5 in Conjurations
  1908 | D:2      | HP: 1/26 [gnoll/whip (5)]
  1941 | D:2      | Mangled by a gnoll

Skill      XL: |  1  2  3 |
---------------+----------+-----
Dodging        | 2 |  2.0
Conjurations   | 5 |  5.0
Stealth        | |  1.8
Spellcasting   | |  2.3

Action                   || total
-------------------------++-------
Melee: Unarmed           ||    11
       Dagger            ||    23
       Tailslap          ||     3
 Cast: Magic Dart        ||    91
  Eat: Chunk             ||     4
Armor: Skin              ||    14
Dodge: Dodged            ||    48
